 Dungeon Crawl Stone Soup version 0.27-a0-1147-gb3d8e82157 (webtiles) character file.

Game seed: 7672065445816264501

2865 shoop the Fighter (level 9, 0/100 HPs)
             Began as an Ogre Arcane Marksman on May 11, 2021.
             Was an Initiate of Ashenzari.
             Slain by a six-headed hydra (8 damage)
             ... on level 7 of the Dungeon.
             The game lasted 00:27:34 (10385 turns).

shoop the Fighter (Ogre Arcane Marksman)           Turns: 10385, Time: 00:27:35

Health: 0/100      AC:  8    Str: 19    XL:     9   Next: 75%
Magic:  13/13      EV:  9    Int: 14    God:    Ashenzari [......]
Gold:   306        SH:  5    Dex:  9    Spells: 4/14 levels left

rFire    . . .     SeeInvis .   y - +1 trident of the Shattered Sage {distort, Fort, Evo} (curse)
rCold    . . .     Faith    .   (no shield)
rNeg     . . .     Spirit   .   o - +0 acid dragon scales
rPois    .         Reflect  +   (helmet restricted)
rElec    .         Harm     .   j - +0 cloak
rCorr    +         Rampage  .   (gloves unavailable)
Will     +....                  (boots unavailable)
Stlth    +.........             Q - amulet of reflection
HPRegen  0.26/turn              g - ring of willpower
MPRegen  0.13/turn              I - ring of flight

@: flying
A: large, unfitting armour, tough skin 1
a: Renounce Religion, Curse Item, Shatter the Chains


You were on level 7 of the Dungeon.
You worshipped Ashenzari.
Ashenzari was noncommittal.
You visited 2 branches of the dungeon, and saw 8 of its levels.

You collected 324 gold pieces.
You spent 18 gold pieces at shops.

Inventory:

Hand Weapons
 b - a +0 club
 i - the +3 mace "Qiyl" {vamp, Int+3}
   (You found it on level 4 of the Dungeon)

   It inflicts no extra harm, but heals its wielder when it wounds a living foe.
   It affects your intelligence (+3).
 k - a +0 hand axe
 p - a +0 short sword
 t - a +0 mace
 y - the cursed +1 trident of the Shattered Sage (weapon) {distort, Fort, Evo}
   (You found it on level 3 of the Dungeon)

   It warps and distorts space around it.
   Unwielding it can cause banishment or high damage.
   It has a curse which improves the following skills: Fortitude: Armour and
   Shields.
   Evocations: Evocations.
 O - the +5 war axe of Impeachment {holy, rC++ Stlth+}
   (You found it on level 7 of the Dungeon)

   It has been blessed by the Shining One to cause great damage to the undead
   and demons.
   It greatly protects you from cold.
   It makes you more stealthy.
 R - the +5 quarterstaff of Thoughtfulness {vorpal, rF+ rC- rCorr Str+6}
   (You took it off an orc on level 7 of the Dungeon)

   It inflicts extra damage upon your enemies.
   It affects your strength (+6).
   It protects you from fire.
   It makes you vulnerable to cold.
   It protects you from acid and corrosion.
Missiles
 c - 4 large rocks
 d - 2 throwing nets
 l - 34 poisoned darts
 m - 7 boomerangs (quivered)
 H - a boomerang of dispersal
 T - 3 silver javelins
Armour
 a - a +0 robe
 j - a +0 cloak (worn)
 o - +0 acid dragon scales (worn)
Magical Staves
 B - a staff of cold
Jewellery
 g - a ring of willpower (left hand)
 I - a ring of flight (right hand)
 Q - an amulet of reflection (around neck)
Wands
 D - a wand of paralysis (5)
 G - a wand of flame (21)
 S - a wand of mindburst (14)
Scrolls
 e - a scroll of blinking
 n - a scroll of fog
 q - 3 scrolls of amnesia
 r - 2 scrolls of immolation
 u - a scroll of enchant weapon
 v - 4 scrolls of magic mapping
 z - a scroll of noise
 J - a scroll of fear
 K - a scroll of brand weapon
 M - a scroll of holy word
 P - a scroll of teleportation
Potions
 f - 3 potions of flight
 h - 2 potions of resistance
 s - 2 potions of brilliance
 w - a potion of magic
 x - a potion of haste
 A - 3 potions of curing
 C - 2 potions of attraction
 E - 3 potions of might
 F - a potion of mutation
 L - a potion of heal wounds
 N - a potion of lignification


   Skills:
 + Level 9.5 Fighting
 - Level 3.0 Polearms
 + Level 7.2 Throwing
 - Level 2.5(3.0) Armour
 - Level 3.0 Dodging
 - Level 3.0 Spellcasting
 - Level 5.0 Hexes
 - Level 2.8(3.3) Evocations


You had 4 spell levels left.
You knew the following spells:

 Your Spells              Type           Power      Damage    Failure   Level
a - Slow                  Hex            16%        N/A       5%          2
b - Corona                Hex            17%        N/A       3%          1
c - Inner Flame           Hex/Fire       9%         N/A       28%         3
f - Cause Fear            Hex            8%         N/A       34%         4

Your spell library contained the following spells:

 Spells                   Type           Power      Damage    Failure   Level
 Portal Projectile        Hex/Tloc       18%        N/A       28%         3
 Leda's Liquefaction      Hex/Erth       4%         N/A       67%         4
 Bolt of Magma            Conj/Fire/Erth 1%         4d4       100%        5
 Iskenderun's Battlesphe  Conj           2%         2d6       100%        5
 Iron Shot                Conj/Erth      1%         9d1       100%        6
 Orb of Destruction       Conj           1%         N/A       100%        7
 Spellforged Servitor     Conj/Summ      1%         N/A       100%        7


Dungeon Overview and Level Annotations

Branches:
Dungeon (7/15)             Temple (1/1) D:5

Altars:
Ashenzari
Cheibriados
Dithmenos
Elyvilon
Fedhas
Gozag
Hepliaklqana
Kikubaaqudgha
Makhleb
Nemelex Xobeh
Okawaru
Qazlal
Ru
Sif Muna
Trog
Uskayaw
Vehumet
Wu Jian
Xom
Yredelemnul
Zin
The Shining One

Shops:
D:3 *   D:5 *

Annotations:
D:2 1 runed translucent door, 1 exclusion, Crazy Yiuf


Innate Abilities, Weirdness & Mutations

You are too large for most types of armour.
You have tough skin. (AC +1)


Message History

The boomerang completely misses the six-headed hydra.
Unknown command.
You reach to attack!
You hit the six-headed hydra.
The six-headed hydra is moderately wounded.
The six-headed hydra blinks!
You reach to attack!
You puncture the six-headed hydra!
Space bends around the six-headed hydra.
The six-headed hydra is heavily wounded.
You hit the six-headed hydra.
The six-headed hydra is heavily wounded.
The six-headed hydra bites you but does no damage.
The six-headed hydra bites you!
The six-headed hydra completely misses you.
The six-headed hydra bites you but does no damage.
You block the six-headed hydra's attack.
The six-headed hydra bites you!
You hit the six-headed hydra.
Space warps horribly around the six-headed hydra!
The six-headed hydra is severely wounded.
The six-headed hydra bites you but does no damage.
The six-headed hydra bites you.
You block the six-headed hydra's attack.
The six-headed hydra bites you!
You block the six-headed hydra's attack.
The six-headed hydra barely misses you. The six-headed hydra bites you! x3
The six-headed hydra bites you but does no damage. x2
The six-headed hydra bites you.
* * * LOW HITPOINT WARNING * * *
Unknown command.
You hit the six-headed hydra.
Space warps horribly around the six-headed hydra!
The six-headed hydra is almost dead.
The six-headed hydra bites you!
* * * LOW HITPOINT WARNING * * *
You block the six-headed hydra's attack.
The six-headed hydra bites you!
* * * LOW HITPOINT WARNING * * *
You block the six-headed hydra's attack.
The six-headed hydra bites you!
You die...

.......## ....# ......##
#..)# .....## #...#####
.#...## .......#####
#.....# #...........
#.....## #...........
.......######........###
#####...........D.......
.###............@#
........####.....#
......### #.....##
.....## #......# ....##
#......## ....#
#.......## ....#
##.......#### ....#
#........#.# ....##
##.........##


You could see a six-headed hydra.

Vanquished Creatures
  Pikel (D:6)
  Maggie (D:6)
  A troll (D:6)
  Grinder (D:3)
  Edmund (D:5)
  2 orc warriors
  2 sky beasts
  A kobold brigand (D:7)
  A bullfrog (D:6)
  3 scorpions
  4 wights (D:7)
  A bullfrog zombie (D:5)
  A centaur zombie (D:7)
  A hound (D:5)
  3 jellies (D:6)
  An orc priest (D:7)
  Ijyb (D:4)
  An iguana (D:6)
  4 orc wizards
  A killer bee zombie (D:6)
  2 gnolls (D:4)
  A howler monkey skeleton (D:4)
  8 adders
  A shadow imp (D:7)
  A worm (D:2)
  5 dart slugs
  14 orcs
  4 bats
  8 endoplasms
  5 goblins
  8 hobgoblins
  5 jackals
  6 ball pythons
  6 frilled lizards
  18 kobolds
  7 rats
131 creatures vanquished.

Vanquished Creatures (others)
  A fungus (D:2)
  A plant (D:2)
2 creatures vanquished.

Grand Total: 133 creatures vanquished

Notes
Turn   | Place    | Note
-------+----------+-------------------------------------------
     0 | D:1      | shoop the Ogre Arcane Marksman began the quest for the Orb.
     0 | D:1      | Reached XP level 1. HP: 19/19 MP: 2/2
    53 | D:1      | Reached skill level 2 in Fighting
   160 | D:1      | Reached XP level 2. HP: 28/28 MP: 1/3
  1312 | D:1      | Reached XP level 3. HP: 34/36 MP: 4/4
  1486 | D:1      | Reached skill level 3 in Fighting
  2093 | D:2      | Noticed a scorpion
  2112 | D:2      | Killed a scorpion
  2113 | D:2      | Reached skill level 4 in Fighting
  2113 | D:2      | Reached XP level 4. HP: 35/48 MP: 5/5
  2534 | D:2      | Reached XP level 5. HP: 55/55 MP: 2/6
  2546 | D:2      | Learned a level 2 spell: Slow
  2550 | D:2      | Learned a level 3 spell: Inner Flame
  3035 | D:2      | Found a runed translucent door.
  3036 | D:2      | Noticed Crazy Yiuf
  3292 | D:3      | Noticed Grinder
  3495 | D:3      | Found a faded altar of an unknown god.
  3638 | D:3      | Found Paogh's Assorted Antiques.
  3645 | D:3      | Bought a scroll labelled REGOCSAUGI for 18 gold pieces
  4422 | D:3      | Killed Grinder
  4423 | D:3      | Reached skill level 5 in Fighting
  4423 | D:3      | Reached XP level 6. HP: 20/66 MP: 7/9
  4920 | D:4      | Identified the +3 mace "Qiyl" {vamp, Int+3}
  4990 | D:4      | Reached XP level 7. HP: 44/72 MP: 10/10
  5268 | D:4      | Learned a level 4 spell: Cause Fear
  5649 | D:4      | Found a radiant altar of Vehumet.
  5747 | D:4      | Noticed Ijyb
  5757 | D:4      | Killed Ijyb
  5982 | D:5      | Entered Level 5 of the Dungeon
  6037 | D:5      | Noticed Edmund
  6045 | D:5      | Killed Edmund
  6046 | D:5      | Reached skill level 6 in Fighting
  6046 | D:5      | Reached skill level 1 in Evocations
  6216 | D:5      | Found Fylis's Assorted Antiques.
  6227 | D:5      | Reached XP level 8. HP: 83/83 MP: 11/11
  6285 | D:5      | Found a staircase to the Ecumenical Temple.
  6294 | Temple   | Entered the Ecumenical Temple
  6349 | Temple   | Became a worshipper of Ashenzari the Shackled
  6821 | D:5      | Identified the +5 chain mail of the Pit {Str+4 Int+2 Dex+5}
  6923 | D:6      | Reached skill level 5 in Throwing
  7032 | D:6      | Noticed Maggie
  7341 | D:6      | Killed Maggie
  7342 | D:6      | Reached skill level 7 in Fighting
  7342 | D:6      | Reached skill level 5 in Hexes
  8178 | D:6      | Reached skill level 1 in Armour
  8448 | D:7      | Noticed a troll
  8465 | D:6      | Killed a troll
  8466 | D:6      | Reached XP level 9. HP: 34/94 MP: 12/12
  9141 | D:7      | Reached skill level 8 in Fighting
  9412 | D:7      | Noticed Pikel
  9461 | D:6      | Killed Pikel
  9462 | D:6      | Reached skill level 9 in Fighting
  9496 | D:7      | Identified the +5 war axe of Impeachment {holy, rC++
                  | Stlth+}
  9831 | D:7      | Identified the +5 quarterstaff of Thoughtfulness {vorpal,
                  | rF+ rC- rCorr Str+6}
 10377 | D:7      | Noticed a six-headed hydra
 10385 | D:7      | Slain by a six-headed hydra

Illustrated notes

Levels and vault maps discovered:
D:1:      co_arrival_square_in_a_square_in_a_square, layout_rooms
D:2:      cheibrodos_helix_gallery, layout_basic, serial_bayou_pond_a,
          uniq_crazy_yiuf_cottage
D:3:      layout_loops_corners, shapermc_ecumenical_altar_starsandcircs,
          serial_shops, nicolae_shop_temple_entry_statues_fountains,
          minmay_goblin_kobold_house, uniq_grinder
D:4:      layout_loops_ring, lemuel_doored_altar, uniq_ijyb
D:5:      layout_gridville, temple_pool_b, serial_shops, nicolae_shop_stone,
          uniq_edmund
D:6:      layout_loops_ring, uniq_maggie
D:7:      layout_layer_cave, uniq_pikel
Temple:   nicolae_temple_the_god_donut

Skill      XL: |  1  2  3  4  5  6  7  8  9 |
---------------+----------------------------+-----
Fighting       | 2 4 5 6 7 9 |  9.5
Throwing       | 3 4 6 7 |  7.2
Polearms       | 2 3 |  3.0
Spellcasting   | 2 3 |  3.0
Hexes          | 3 4 5 |  5.0
Evocations     | 1 2 |  2.8
Dodging        | 2 3 |  3.0
Armour         | 1 2 |  2.5

Action                   |  1- 3 |  4- 6 |  7- 9 || total
-------------------------+-------+-------+-------++-------
Melee: Unarmed           |    17 |       |       ||    17
       Club              |   142 |    26 |       ||   168
       Short sword       |       |    31 |       ||    31
       Mace              |       |    86 |       ||    86
       Trident           |       |    16 |   257 ||   273
Throw: Dart              |     6 |    10 |    12 ||    28
       Boomerang         |       |       |    15 ||    15
       Large rock        |       |       |     6 ||     6
       Throwing net      |       |       |     1 ||     1
 Cast: Corona            |    13 |     8 |     1 ||    22
       Slow              |       |    15 |     3 ||    18
Invok: Curse Item        |       |       |     1 ||     1
Evoke: Wand              |       |       |     1 ||     1
  Use: Potion            |     2 |     1 |     2 ||     5
       Scroll            |       |     9 |       ||     9
 Stab: Sleeping          |     1 |       |       ||     1
Armor: Robe              |    68 |    46 |    13 ||   127
       Skin              |       |     1 |       ||     1
       Acid dragon scale |       |       |    94 ||    94
Dodge: Dodged            |    86 |    69 |   102 ||   257
Block: Other             |       |       |    13 ||    13

Table legend: (Time is in decaauts)
 A = Elapsed time spent in this place.
 B = Non-inter-level travel time spent in this place.
 C = Inter-level travel time spent in this place.
 D = Time resting spent in this place.
 E = Time spent auto-exploring this place.
 F = Levels seen in this place.
 G = Mean time per level.
                   A        B        C        D        E       F      G
               +--------+--------+--------+--------+--------+-----+--------+
         Total |  10499 |  10126 |    373 |   1197 |   7385 |   8 | 1312.4 |
       Dungeon |  10433 |  10090 |    343 |   1197 |   7385 |   7 | 1490.4 |
        Temple |     65 |     35 |     30 |      0 |      0 |   1 |   65.0 |
               +--------+--------+--------+--------+--------+-----+--------+

Top non-repeatable levels by time:
     D:1: 1818 daAuts
     D:6: 1778 daAuts
     D:3: 1746 daAuts
     D:7: 1685 daAuts
     D:2: 1411 daAuts
     D:4: 1081 daAuts
     D:5: 912 daAuts
  Temple: 65 daAuts
